 Dungeon Crawl Stone Soup version 0.18.1-1-g2f07953 (webtiles) character file.

1245 Sixotanaka the Frost Mage (level 8, -1/52 HPs)
             Began as a Human Ice Elementalist on May 12, 2016.
             Was an Initiate of Vehumet.
             Succumbed to a killer bee's poison
             ... on level 5 of the Dungeon.
             The game lasted 00:15:08 (6713 turns).

Sixotanaka the Frost Mage (Human Ice Elementalist)  Turns: 6713, Time: 00:15:09

Health: -1/52      AC:  7    Str:  8 (9)  XL:     8   Next: 79%
Magic:  11/11      EV: 12    Int: 16 (17) God:    Vehumet [......]
Gold:   173        SH:  0    Dex: 13 (14) Spells: 3 memorised, 4 levels left

rFire  . . .     SeeInvis .     r - +5 short sword (venom)
rCold  . . .     Gourm    .     a - +0 robe
rNeg   . . .     Faith    .     (no shield)
rPois  .         Spirit   .     (no helmet)
rElec  .         Dismiss  .     A - +2 cloak
rCorr  .         Reflect  .     (no gloves)
SustAt .         Harm     .     i - +1 pair of boots
MR     .....                    (no amulet)
Stlth  ++........               (no ring)
                                (no ring)

@: lethally poisoned (-1 -> -32), not resistant to hostile enchantments,
unstealthy
A: no striking features
a: Renounce Religion


You were on level 5 of the Dungeon.
You worshipped Vehumet.
Vehumet was noncommittal.
You were not hungry.

You visited 1 branch of the dungeon, and saw 6 of its levels.
You also visited: Sewer.

You collected 173 gold pieces.


   Skills:
 - Level 2.0 Dodging
 - Level 2.0 Stealth
 - Level 2.0 Spellcasting
 - Level 5.7 Conjurations
 + Level 8.7 Ice Magic


You had 4 spell levels left.
You knew the following spells:

 Your Spells              Type           Power        Failure   Level  Hunger
c - Throw Icicle          Conj/Ice       ###.....     12%         4    #####..
x - Throw Frost           Conj/Ice       ###...       1%          2    ###....
z - Freeze                Ice            ####         1%          1    #......


Dungeon Overview and Level Annotations

Branches:
Dungeon (6/15)
 Temple: D:4-7

Altars:
Cheibriados
Dithmenos
Gozag
Qazlal
Sif Muna
Vehumet
The Shining One

Annotations:
D:3 Grinder, Natasha
D:4 Guenter's ghost, amateur OpSk
D:6 Eustachio; Sigmund

Inventory:

Hand Weapons
 e - a +3 dagger of venom
   (You took it off a kobold on level 1 of the Dungeon)
 r - a +5 short sword of venom (weapon)
   (You took it off a kobold in a sewer)
Missiles
 u - 2 throwing nets (quivered)
 z - 16 poisoned needles
Armour
 a - a +0 robe (worn)
 i - a +1 pair of boots (worn)
 A - a +2 cloak (worn)
Wands
 l - a wand of hasting (6/9) {@v3}
 w - a wand of iceblast (8/15)
Scrolls
 f - 5 scrolls of teleportation {@r4}
 k - 4 scrolls of enchant weapon
 m - a scroll of immolation {unknown}
 n - a scroll of remove curse {unknown}
 y - a scroll of amnesia {unknown}
Potions
 d - 2 potions of haste {@q3}
 g - 2 potions of might
 j - a potion of lignification {!q}
 p - 4 potions of brilliance
 s - a potion of curing {unknown}
 v - a potion of cure mutation {unknown}
 x - a potion of resistance {unknown}
Books
 b - a book of Frost
 t - a book of Changes
Comestibles
 c - a bread ration
 h - 10 fruits
 B - a meat ration

#..........#....#....)...#..#..
#..........#....+....>...#..#..
#..........#....#........#..#..
#..###########.##...##...'..#..
#### #.##...##...#..#..
#..#........#..##.
#..#........#...#.
#..#........#...#.
#@##+########...#.
#yy...........###.
#.............#.##
#....>........#..#
#.............#..#
#†............##..
#...############.. #...#
#........ #...# #........


You could see 2 killer bees.


Message History

There is an open door here.
Found 13 gold pieces.
A killer bee comes into view.
The killer bee buzzes angrily.
A killer bee comes into view.
You hit the killer bee.
The killer bee is poisoned.
The killer bee stings you but does no damage.
The killer bee closely misses you.
You miss the killer bee. The killer bee misses you.
The killer bee stings you but does no damage.
You completely miss the killer bee.
The killer bee stings you but does no damage. x2
You kill the killer bee!
Vehumet accepts your kill.
Okay, then.
Saving game... please wait.
Welcome back, Sixotanaka the Human Ice Elementalist.
Vehumet says: Let it end in hellfire!
You see here a killer bee corpse.
Aiming: Throw Frost
Aim: a killer bee The puff of frost hits the killer bee.
You see here a killer bee corpse.
The killer bee closely misses you. The killer bee misses you.
You closely miss the killer bee. The killer bee stings you.
The killer bee barely misses you. The killer bee closely misses you.
The killer bee stings you but does no damage.
You barely miss the killer bee. The killer bee stings you.
The killer bee stings you but does no damage.
The killer bee misses you. The killer bee closely misses you.
You miss the killer bee. The killer bee stings you.
You are poisoned.
The killer bee poisons you! The killer bee stings you!
The killer bee misses you.
The killer bee stings you but does no damage. x2
You barely miss the killer bee.
You feel sick. The killer bee barely misses you.
The killer bee closely misses you. The killer bee barely misses you.
The killer bee stings you!
* * * LOW HITPOINT WARNING * * *
You are more poisoned.
The killer bee poisons you!
You feel sick. The killer bee stings you.
* * * LOW HITPOINT WARNING * * *
The killer bee barely misses you.
You feel sick. The killer bee stings you.
* * * LOW HITPOINT WARNING * * *
You are lethally poisoned!
The killer bee poisons you! The killer bee stings you.
* * * LOW HITPOINT WARNING * * *
You are more poisoned.
The killer bee poisons you!
There is an open door, spattered with blood here.
Drink which item? (? for menu, Esc to quit)
It was a potion of degeneration.
There was something very wrong with that liquid.
You feel weakened.
You feel dopey.
You feel clumsy.
* * * LOW HITPOINT WARNING * * *
You feel sick. The killer bee closely misses you. The killer bee stings you.
* * * LOW HITPOINT WARNING * * *
You are more poisoned.
The killer bee poisons you! The killer bee stings you.
* * * LOW HITPOINT WARNING * * *
The killer bee stings you.
* * * LOW HITPOINT WARNING * * *
You are more poisoned.
The killer bee poisons you!
Drink which item? (? for menu, Esc to quit)
It was a potion of magic.
Magic courses through your body.
You die...

Action                   |  1- 3 |  4- 6 |  7- 9 || total
-------------------------+-------+-------+-------++-------
Melee: Dagger            |    46 |    39 |    24 ||   109
       Short sword       |       |       |    58 ||    58
 Cast: Freeze            |    22 |    40 |    52 ||   114
       Throw Frost       |       |    13 |    67 ||    80
  Use: Scroll            |       |       |     7 ||     7
       Potion            |       |       |     2 ||     2
 Stab: Sleeping          |     3 |     1 |     3 ||     7
  Eat: Chunk             |     2 |     5 |     9 ||    16
       Fruit             |       |     2 |     2 ||     4
       Bread ration      |       |       |     1 ||     1
       Beef jerky        |       |       |     1 ||     1
Armor: Robe              |    10 |    14 |    27 ||    51
Dodge: Dodged            |    37 |    33 |    87 ||   157

Vault maps used:
D:1:      minmay_arrival_doors
D:2:      nicolae_overflow_crystal_walls, serial_aquarium,
          aquarium_bridge_straight, aquarium_bridge_square,
          aquarium_window_corridor_1, aquarium_window_fake, aquarium_view_2c,
          aquarium_view_2d, aquarium_balcony_3b, guppyfry_early_lair_pool
D:3:      grunt_dithmenos_smoke_and_mirrors, old_standard_altar,
          kennysheep_slug_shrine, first_bread, gup_sewer_entry_glass,
          uniq_natasha, uniq_grinder
D:4:      serial_co_window_serial, co_window_corner_a, co_window_paths_a,
          co_window_of_opportunity_a, co_window_of_opportunity_a,
          co_window_corner_a, co_window_paths_a, co_window_broadway_c,
          co_window_corner_b, co_window_unsneaky_path_a, co_window_cross_2,
          co_window_corner_b, co_window_of_opportunity_b, glass_columns_a,
          glass_columns_a, glass_columns_b
D:5:      kennysheep_spiral_hall, tso_metal_star,
          nicolae_qazlal_general_emergency, vehumet_crystals,
          uniq_crazy_yiuf_cottage
D:6:      uniq_sigmund, uniq_blork_the_orc, uniq_eustachio
Sewer:    sewer_co_tree

Notes
Turn   | Place    | Note
--------------------------------------------------------------
     0 | D:1      | Sixotanaka the Human Ice Elementalist began the quest for the Orb.
     0 | D:1      | Reached XP level 1. HP: 13/13 MP: 3/3
   202 | D:1      | Reached XP level 2. HP: 19/19 MP: 3/5
   425 | D:1      | Reached skill level 4 in Ice Magic
   425 | D:1      | Reached XP level 3. HP: 22/24 MP: 6/6
  1376 | D:2      | Reached XP level 4. HP: 26/30 MP: 2/7
  1508 | D:2      | Found an opulent altar of Gozag.
  1894 | D:3      | Found a snail-covered altar of Cheibriados.
  1921 | D:3      | Learned a level 2 spell: Throw Frost
  1965 | D:3      | Reached skill level 5 in Ice Magic
  2141 | D:3      | Reached XP level 5. HP: 29/35 MP: 6/8
  2216 | D:3      | Found a deep blue altar of Sif Muna.
  2282 | D:3      | Found a glowing drain.
  2330 | D:3      | Reached skill level 6 in Ice Magic
  2350 | D:3      | HP: 8/35 [poisoned by an adder]
  2354 | Sewer    | Entered a sewer
  2610 | Sewer    | Noticed a big kobold
  2633 | Sewer    | Killed a big kobold
  2633 | Sewer    | Reached XP level 6. HP: 40/41 MP: 0/9
  2762 | Sewer    | Reached skill level 7 in Ice Magic
  3026 | Sewer    | Reached XP level 7. HP: 40/46 MP: 3/10
  3629 | Sewer    | Reached skill level 8 in Ice Magic
  4019 | D:3      | Found a shadowy altar of Dithmenos.
  4021 | D:3      | Noticed Grinder
  4030 | D:3      | Noticed Natasha
  4783 | D:4      | Reached XP level 8. HP: 52/52 MP: 4/11
  4992 | D:4      | Noticed Guenter's ghost (amateur OpSk)
  5011 | D:5      | Entered Level 5 of the Dungeon
  5090 | D:5      | Found a stormy altar of Qazlal.
  5119 | D:5      | Reached skill level 2 in Conjurations
  5177 | D:5      | Found a glowing golden altar of the Shining One.
  5252 | D:5      | Reached skill level 3 in Conjurations
  5778 | D:5      | Reached skill level 4 in Conjurations
  5791 | D:6      | Learned a level 4 spell: Throw Icicle
  5887 | D:6      | Noticed Eustachio
  5894 | D:6      | Noticed Sigmund
  6154 | D:5      | Reached skill level 5 in Conjurations
  6156 | D:5      | HP: 13/52 [poisoned by a killer bee]
  6161 | D:5      | HP: 10/52 [poisoned by a killer bee]
  6166 | D:5      | HP: 8/52 [poisoned by a killer bee]
  6172 | D:5      | HP: 6/52 [poisoned by a killer bee]
  6180 | D:5      | HP: 5/52 [poisoned by a killer bee]
  6188 | D:5      | HP: 4/52 [poisoned by a killer bee]
  6493 | D:5      | Found a radiant altar of Vehumet.
  6497 | D:5      | Became a worshipper of Vehumet
  6711 | D:5      | HP: 13/52 [killer bee (3)]
  6712 | D:5      | HP: 6/52 [killer bee (5)]
  6712 | D:5      | HP: 1/52 [killer bee (4)]
  6713 | D:5      | Succumbed to a killer bee's poison

Vanquished Creatures
  A water moccasin (D:5)
  2 ogres
  4 big kobolds (Sewer)
  A scorpion (D:3)
  3 killer bees (D:5)
  A howler monkey (D:6)
  A jelly (D:5)
  2 crimson imps (D:5)
  An orc priest (D:4)
  A giant frog skeleton (D:4)
  An iguana (D:5)
  A worker ant (D:5)
  3 gnolls
  3 river rats (Sewer)
  8 adders
  3 oozes (Sewer)
  4 worms
  6 dart slugs
  A giant gecko (D:1)
  6 orcs
  2 ball pythons (Sewer)
  7 bats
  8 giant cockroaches
  5 goblins
  11 hobgoblins
  19 jackals
  2 quokkas
  A giant gecko skeleton (D:6)
  5 giant newts
  14 kobolds
  8 rats
135 creatures vanquished.
